PL
HOUSTON 1837 BBC @ OAKLAND OAKS
07/23/2025
 
TOP OF THE 1ST
Houston 1837 BBC batting - Pitching for Oakland Oaks : RHP Matt Webber
Pitching: RHP Matt Webber
Batting: LHB Mike Hanson 0-0: Called Strike
0-1: Swinging Strike
0-2: Ball
1-2: Foul Ball, location: 2F
1-2: Ball
2-2: Ball
3-2: Ground out U3 (Groundball, 34)
Batting: RHB Kumanosuke Abe 0-0: Called Strike
0-1: Ball
1-1: Foul Ball, location: 2F
1-2: Ball
2-2: Ball
3-2: Base on Balls
Batting: LHB José Marín 0-0: Ball
1-0: Ball
2-0: Foul Ball, location: 2F
2-1: Ball
3-1: Swinging Strike
3-2: Ground out 4-3 (Groundball, 4S)
Kumanosuke Abe to second
Batting: SHB Jason Alexander 0-0: Ball
Wild Pitch!
Kumanosuke Abe to third
1-0: Ball
2-0: Ball
3-0: Base on Balls
Batting: LHB Alberto Torres 0-0: Foul Ball, location: 2F
0-1: Foul Ball, location: 2F
0-2: Ball
1-2: Ball
2-2: Foul Ball, location: 2F
2-2: Foul Ball, location: 2F
2-2: Ball
3-2: Strikes out swinging
Top of the 1st over - 0 run(s), 0 hit(s), 0 error(s), 2 left on base; Houston 0 - Oakland 0
BOTTOM OF THE 1ST
Oakland Oaks batting - Pitching for Houston 1837 BBC : RHP Greg White
Pitching: RHP Greg White
Batting: LHB Jorge Vargas 0-0: Ball
1-0: SOLO HOME RUN (Flyball, 89XD), Distance : 421 ft
Batting: LHB Todd Henry 0-0: Called Strike
0-1: Ball
1-1: Foul Ball, location: 2F
1-2: Ball
2-2: Strikes out swinging
Batting: LHB Edwin Church 0-0: Ball
1-0: Ball
2-0: Ball
3-0: Base on Balls
Batting: RHB Rafael Durango 0-0: Ball
1-0: Ball
2-0: Foul Ball, location: 2F
2-1: Foul Ball, location: 2F
2-2: Foul Ball, location: 2F
2-2: Foul Ball, location: 2F
2-2: Fly out, F5 (Flyball, 5DF)
Batting: LHB Mal Wadley 0-0: Ball
1-0: Fielders Choice at 2nd, U4 (Groundball, 4M)
Bottom of the 1st over - 1 run(s), 1 hit(s), 0 error(s), 1 left on base; Houston 0 - Oakland 1
TOP OF THE 2ND
Houston 1837 BBC batting - Pitching for Oakland Oaks : RHP Matt Webber
Batting: LHB Mark McClear 0-0: Swinging Strike
0-1: Foul Ball, location: 2F
0-2: Ball
1-2: Strikes out swinging
Batting: RHB David Gómez 0-0: Called Strike
0-1: Swinging Strike
0-2: Strikes out looking
Batting: LHB Joaquín Rangel 0-0: Ground out 4-3 (Groundball, 4)
Top of the 2nd over - 0 run(s), 0 hit(s), 0 error(s), 0 left on base; Houston 0 - Oakland 1
BOTTOM OF THE 2ND
Oakland Oaks batting - Pitching for Houston 1837 BBC : RHP Greg White
Batting: LHB Todd Williams 0-0: Called Strike
0-1: Fly out, F8 (Flyball, 8LM)
Batting: SHB John Allen 0-0: Fly out, F8 (Flyball, 8LD)
Batting: LHB Jesús Quintanilla 0-0: SINGLE (Line Drive, 56D)
Batting: RHB Tetsunori Kimura 0-0: SINGLE (Groundball, 6MD)
Jesús Quintanilla to second
Runner from 2nd tries for 3rd, OUT!
Bottom of the 2nd over - 0 run(s), 2 hit(s), 0 error(s), 1 left on base; Houston 0 - Oakland 1
TOP OF THE 3RD
Houston 1837 BBC batting - Pitching for Oakland Oaks : RHP Matt Webber
Batting: LHB Damian Delaney 0-0: SINGLE (Groundball, 25) (infield hit)
Batting: LHB Mike Hanson 0-0: Swinging Strike
0-1: Ball
1-1: Swinging Strike
1-2: Ground out U3 (Groundball, 34S)
Damian Delaney to second
Batting: RHB Kumanosuke Abe 0-0: Ball
1-0: Ball
2-0: Ball
3-0: Swinging Strike
3-1: Base on Balls
Batting: LHB José Marín 0-0: Ball
1-0: Foul Ball, location: 2F
1-1: Ball
2-1: Ball
3-1: Base on Balls
Damian Delaney to third
Kumanosuke Abe to second
Batting: SHB Jason Alexander 0-0: Ball
1-0: Fly out, F9 (Flyball, 9)
Runner from 3rd tags up, SCORES, no throw
Batting: LHB Alberto Torres 0-0: Ball
1-0: Ball
2-0: Ball
3-0: Called Strike
3-1: Called Strike
3-2: Base on Balls
Kumanosuke Abe to third
José Marín to second
Batting: LHB Mark McClear 0-0: SINGLE (Groundball, 6MD)
Kumanosuke Abe scores
José Marín to third
Alberto Torres to second
Runner from 3rd tries for Home, SAFE, no throw
Batting: RHB David Gómez 0-0: Ball
1-0: Ball
2-0: Ball
3-0: Foul Ball, location: 2F
3-1: Swinging Strike
3-2: SINGLE (Groundball, 6MD)
Alberto Torres to third
Mark McClear to second
Alberto Torres scores
Mark McClear to third
Batting: LHB Joaquín Rangel 0-0: Ball
1-0: Ball
2-0: Fielders Choice at 2nd, U4 (Groundball, 4M)
Top of the 3rd over - 4 run(s), 3 hit(s), 0 error(s), 2 left on base; Houston 4 - Oakland 1
BOTTOM OF THE 3RD
Oakland Oaks batting - Pitching for Houston 1837 BBC : RHP Greg White
Batting: LHB Jorge Vargas 0-0: Called Strike
0-1: Called Strike
0-2: Strikes out swinging
Batting: LHB Todd Henry 0-0: Ball
1-0: Ball
2-0: Foul Ball, location: 2F
2-1: Swinging Strike
2-2: SOLO HOME RUN (Flyball, 89XD), Distance : 418 ft
Batting: LHB Edwin Church 0-0: Ball
1-0: Ball
2-0: Called Strike
2-1: Foul Ball, location: 2F
2-2: Ball
3-2: Foul Ball, location: 2F
3-2: Ground out 4-3 (Groundball, 4)
Batting: RHB Rafael Durango 0-0: Called Strike
0-1: Fly out, F5 (Popup, 5S)
Bottom of the 3rd over - 1 run(s), 1 hit(s), 0 error(s), 0 left on base; Houston 4 - Oakland 2
TOP OF THE 4TH
Houston 1837 BBC batting - Pitching for Oakland Oaks : RHP Matt Webber
Batting: LHB Damian Delaney 0-0: Ball
1-0: Called Strike
1-1: Foul Ball, location: 2F
1-2: Strikes out swinging
Batting: LHB Mike Hanson 0-0: Ball
1-0: Swinging Strike
1-1: Swinging Strike
1-2: Strikes out swinging
Batting: RHB Kumanosuke Abe 0-0: Ball
1-0: Foul Ball, location: 2F
1-1: Swinging Strike
1-2: Foul Ball, location: 2F
1-2: Ball
2-2: Ball
3-2: SINGLE (Line Drive, 8RS)
Batting: LHB José Marín 0-0: Fly out, F8 (Flyball, 8RM)
Top of the 4th over - 0 run(s), 1 hit(s), 0 error(s), 1 left on base; Houston 4 - Oakland 2
BOTTOM OF THE 4TH
Oakland Oaks batting - Pitching for Houston 1837 BBC : RHP Greg White
Batting: LHB Mal Wadley 0-0: Ball
1-0: Fly out, F9 (Line Drive, 89M)
Batting: LHB Todd Williams 0-0: Swinging Strike
0-1: Ball
1-1: Ball
2-1: Foul Ball, location: 2F
2-2: Ball
3-2: SINGLE (Groundball, 4D)
Batting: SHB John Allen 0-0: Ball
1-0: Called Strike
1-1: Foul Ball, location: 2F
1-2: Foul Ball, location: 2F
1-2: Strikes out swinging
Batting: LHB Jesús Quintanilla 0-0: Called Strike
0-1: Swinging Strike
0-2: Ball
1-2: SINGLE (Groundball, 3D)
Todd Williams to second
Todd Williams to third
Batting: RHB Tetsunori Kimura 0-0: Called Strike
0-1: Ball
1-1: Ball
2-1: Fielders Choice at 2nd, 6-4 (Groundball, 6)
Bottom of the 4th over - 0 run(s), 2 hit(s), 0 error(s), 1 left on base; Houston 4 - Oakland 2
TOP OF THE 5TH
Houston 1837 BBC batting - Pitching for Oakland Oaks : RHP Matt Webber
Batting: SHB Jason Alexander 0-0: Foul Ball, location: 2F
0-1: Foul Ball, location: 2F
0-2: Foul Ball, location: 2F
0-2: Fly out, F7 (Flyball, 78M)
Batting: LHB Alberto Torres 0-0: Swinging Strike
0-1: Swinging Strike
0-2: Ball
1-2: Foul Ball, location: 2F
1-2: Foul Ball, location: 2F
1-2: Ball
2-2: Foul Ball, location: 2F
2-2: Strikes out swinging
Batting: LHB Mark McClear 0-0: Ball
1-0: Ground out U3 (Groundball, 3)
Top of the 5th over - 0 run(s), 0 hit(s), 0 error(s), 0 left on base; Houston 4 - Oakland 2
BOTTOM OF THE 5TH
Oakland Oaks batting - Pitching for Houston 1837 BBC : RHP Greg White
Batting: LHB Jorge Vargas 0-0: Ball
1-0: Foul Ball, location: 2F
1-1: SOLO HOME RUN (Flyball, 9LD), Distance : 343 ft
Batting: LHB Todd Henry 0-0: Ball
1-0: Foul Ball, location: 2F
1-1: Called Strike
1-2: Fly out, F9 (Flyball, 89M)
Batting: LHB Edwin Church 0-0: Ball
1-0: Fly out, F8 (Flyball, 8RS)
Batting: RHB Rafael Durango 0-0: Swinging Strike
0-1: Foul Ball, location: 2F
0-2: Fly out, F7 (Flyball, 7LSF)
Bottom of the 5th over - 1 run(s), 1 hit(s), 0 error(s), 0 left on base; Houston 4 - Oakland 3
TOP OF THE 6TH
Houston 1837 BBC batting - Pitching for Oakland Oaks : RHP Matt Webber
Batting: RHB David Gómez 0-0: Ball
1-0: Ball
2-0: Called Strike
2-1: Ball
3-1: Bunted foul
3-2: Foul Ball, location: 2F
3-2: DOUBLE (Flyball, 78XD)
Batting: LHB Joaquín Rangel 0-0: Called Strike
0-1: Swinging Strike
0-2: Strikes out swinging
Batting: LHB Damian Delaney 0-0: Called Strike
David Gómez steals 3rd base
0-1: Foul Ball, location: 2F
0-2: Foul Ball, location: 2F
0-2: Foul Ball, location: 2F
0-2: Ball
1-2: Strikes out swinging
Batting: LHB Mike Hanson 0-0: Ball
1-0: Swinging Strike
1-1: Called Strike
1-2: Strikes out swinging
Top of the 6th over - 0 run(s), 1 hit(s), 0 error(s), 1 left on base; Houston 4 - Oakland 3
BOTTOM OF THE 6TH
Oakland Oaks batting - Pitching for Houston 1837 BBC : RHP Greg White
Batting: LHB Mal Wadley 0-0: Ball
1-0: Foul Ball, location: 2F
1-1: Swinging Strike
1-2: Strikes out swinging
Batting: LHB Todd Williams 0-0: Bunt for hit - play at first, batter OUT! 1-3
Batting: SHB John Allen 0-0: Ball
1-0: Ball
2-0: SINGLE (Groundball, 56D)
Batting: LHB Jesús Quintanilla 0-0: Foul Ball, location: 2F
Pickoff Throw to First - Out!
Bottom of the 6th over - 0 run(s), 1 hit(s), 0 error(s), 0 left on base; Houston 4 - Oakland 3
TOP OF THE 7TH
Houston 1837 BBC batting - Pitching for Oakland Oaks : RHP Matt Webber
Pitching: RHP Júlio Saldaña
Batting: RHB Kumanosuke Abe 0-0: Ball
1-0: Called Strike
1-1: Ball
2-1: Foul Ball, location: 2F
2-2: Ball
3-2: Foul Ball, location: 2F
3-2: Base on Balls
Batting: LHB José Marín 0-0: Ball
1-0: Ball
2-0: SINGLE (Groundball, 56D)
Kumanosuke Abe to second
Batting: SHB Jason Alexander 0-0: Ball
1-0: Called Strike
1-1: Ball
2-1: Fly out, F4 (Popup, 4MD)
Batting: LHB Alberto Torres 0-0: Ball
1-0: Called Strike
1-1: Ball
2-1: Foul Ball, location: 2F
2-2: Foul Ball, location: 2F
2-2: Ball
3-2: Fly out, F8 (Flyball, 8LM)
Batting: LHB Mark McClear 0-0: Ball
1-0: Foul Ball, location: 2F
1-1: Ball
2-1: SINGLE (Groundball, 4M) (infield hit)
Kumanosuke Abe to third
José Marín to second
Pinch Hitting: LHB Chris Rice 0-0: Ball
1-0: Called Strike
1-1: Ball
2-1: Foul Ball, location: 2F
2-2: Foul Ball, location: 2F
2-2: Foul Ball, location: 2F
2-2: Ground out 4-3 (Groundball, 4S)
Top of the 7th over - 0 run(s), 2 hit(s), 0 error(s), 3 left on base; Houston 4 - Oakland 3
BOTTOM OF THE 7TH
Oakland Oaks batting - Pitching for Houston 1837 BBC : RHP Greg White
Now at 2B: Juan Gabriel
Batting: LHB Jesús Quintanilla 0-0: Ball
1-0: Swinging Strike
1-1: Ball
2-1: Ball
3-1: Called Strike
3-2: Base on Balls
Batting: RHB Tetsunori Kimura 0-0: Sac Bunt - play at first, batter OUT! 1-4
Jesús Quintanilla to second
Batting: LHB Jorge Vargas 0-0: Called Strike
0-1: Fly out, F7 (Flyball, 7)
Batting: LHB Todd Henry 0-0: Ball
1-0: Called Strike
1-1: Foul Ball, location: 2F
1-2: Ground out U3 (Groundball, 34)
Bottom of the 7th over - 0 run(s), 0 hit(s), 0 error(s), 1 left on base; Houston 4 - Oakland 3
TOP OF THE 8TH
Houston 1837 BBC batting - Pitching for Oakland Oaks : RHP Júlio Saldaña
Pitching: RHP José Caballero
Batting: LHB Joaquín Rangel 0-0: Called Strike
0-1: Ball
1-1: Called Strike
1-2: Foul Ball, location: 2F
1-2: Ground out 4-3 (Groundball, 4)
Batting: LHB Damian Delaney 0-0: Ball
1-0: Ball
2-0: Called Strike
2-1: Called Strike
2-2: Foul Ball, location: 2F
2-2: Strikes out swinging
Batting: LHB Mike Hanson 0-0: Called Strike
0-1: Swinging Strike
0-2: Ball
1-2: Foul Ball, location: 2F
1-2: Foul Ball, location: 2F
1-2: Foul Ball, location: 2F
1-2: Ball
2-2: Strikes out swinging
Top of the 8th over - 0 run(s), 0 hit(s), 0 error(s), 0 left on base; Houston 4 - Oakland 3
BOTTOM OF THE 8TH
Oakland Oaks batting - Pitching for Houston 1837 BBC : RHP Greg White
Batting: LHB Edwin Church 0-0: Called Strike
0-1: Ball
1-1: Ball
2-1: Ball
3-1: SINGLE (Flyball, 7LS)
Batting: RHB Rafael Durango 0-0: Grounds into double play, 6-4-3 (Groundball, 6)
Batting: LHB Mal Wadley 0-0: Ground out 4-3 (Groundball, 4)
Bottom of the 8th over - 0 run(s), 1 hit(s), 0 error(s), 0 left on base; Houston 4 - Oakland 3
TOP OF THE 9TH
Houston 1837 BBC batting - Pitching for Oakland Oaks : RHP José Caballero
Pitching: RHP Mark Simmons
Batting: RHB Kumanosuke Abe 0-0: Ball
1-0: Ball
2-0: Foul Ball, location: 2F
2-1: Fly out, F9 (Flyball, 9S)
Batting: LHB José Marín 0-0: Called Strike
0-1: Ball
1-1: Called Strike
1-2: SINGLE (Groundball, 34D)
Batting: SHB Jason Alexander 0-0: Ball
1-0: Ball
2-0: Ball
3-0: Called Strike
3-1: Foul Ball, location: 2F
3-2: Foul Ball, location: 2F
3-2: Strikes out looking
José Marín steals 2nd base
Batter strikes out.
Batting: LHB Alberto Torres 0-0: Called Strike
0-1: Ball
1-1: Swinging Strike
1-2: Fly out, F8 (Flyball, 8LXD)
Top of the 9th over - 0 run(s), 1 hit(s), 0 error(s), 1 left on base; Houston 4 - Oakland 3
BOTTOM OF THE 9TH
Oakland Oaks batting - Pitching for Houston 1837 BBC : RHP Greg White
Batting: LHB Todd Williams 0-0: Called Strike
0-1: Ball
1-1: Ball
2-1: Swinging Strike
2-2: DOUBLE (Line Drive, 89D)
Pitching: RHP Francisco Valdés
Batting: SHB John Allen 0-0: SINGLE (Line Drive, 6D)
Todd Williams to third
Runner from 3rd tries for Home, SAFE, no throw
Batting: LHB Jesús Quintanilla 0-0: Called Strike
0-1: Swinging Strike
0-2: Ball
1-2: Ball
2-2: Ball
3-2: Base on Balls
John Allen to second
Batting: RHB Tetsunori Kimura 0-0: Bunted foul
0-1: Bunted foul
0-2: Ball
1-2: Ball
2-2: Strikes out swinging
Batting: LHB Jorge Vargas 0-0: Ball
1-0: Ball
John Allen steals 3rd base
Jesús Quintanilla to second
2-0: Intentional Walk
Batting: LHB Todd Henry 0-0: Ball
1-0: Swinging Strike
1-1: Ball
2-1: Swinging Strike
2-2: Ball
3-2: Strikes out swinging
Batting: LHB Edwin Church 0-0: Ball
1-0: Ball
2-0: Fly out, F9 (Flyball, 9S)
Bottom of the 9th over - 1 run(s), 2 hit(s), 0 error(s), 3 left on base; Houston 4 - Oakland 4
TOP OF THE 10TH
Houston 1837 BBC batting - Pitching for Oakland Oaks : RHP Mark Simmons
Batting: LHB Mark McClear 0-0: Ball
1-0: Foul Ball, location: 2F
1-1: Ball
2-1: Ball
3-1: Base on Balls
Batting: LHB Juan Gabriel 0-0: Foul Ball, location: 2F
0-1: Ball
1-1: Ball
2-1: Foul Ball, location: 2F
2-2: Strikes out swinging
Batting: LHB Joaquín Rangel 0-0: Ground out U3 (Groundball, 34)
Mark McClear to second
Pinch Hitting: SHB Greg Henderson 0-0: Ball
1-0: Called Strike
1-1: Fly out, F6 (Popup, 6D)
Top of the 10th over - 0 run(s), 0 hit(s), 0 error(s), 1 left on base; Houston 4 - Oakland 4
BOTTOM OF THE 10TH
Oakland Oaks batting - Pitching for Houston 1837 BBC : RHP Francisco Valdés
Now in CF: Greg Henderson
Batting: RHB Rafael Durango 0-0: Called Strike
0-1: Ball
1-1: Swinging Strike
1-2: Foul Ball, location: 2F
1-2: Strikes out swinging
Batting: LHB Mal Wadley 0-0: Ball
1-0: Ball
2-0: Ground out 4-3 (Groundball, 4)
Batting: LHB Todd Williams 0-0: DOUBLE (Line Drive, 78XD)
Batting: SHB John Allen 0-0: Foul Ball, location: 2F
0-1: Ball
1-1: Foul Ball, location: 2F
1-2: Ball
Wild Pitch!
Todd Williams to third
2-2: Foul Ball, location: 2F
2-2: Ground out 4-3 (Groundball, 4)
Bottom of the 10th over - 0 run(s), 1 hit(s), 0 error(s), 1 left on base; Houston 4 - Oakland 4
TOP OF THE 11TH
Houston 1837 BBC batting - Pitching for Oakland Oaks : RHP Mark Simmons
Pitching: RHP Nate Rogers
Batting: LHB Mike Hanson 0-0: Ground out 6-3 (Groundball, 6)
Batting: RHB Kumanosuke Abe 0-0: Called Strike
0-1: Foul Ball, location: 2F
0-2: Ball
1-2: Foul Ball, location: 2F
1-2: Ball
2-2: Fly out, F9 (Flyball, 9LM)
Batting: LHB José Marín 0-0: Ground out U3 (Groundball, 3L)
Top of the 11th over - 0 run(s), 0 hit(s), 0 error(s), 0 left on base; Houston 4 - Oakland 4
BOTTOM OF THE 11TH
Oakland Oaks batting - Pitching for Houston 1837 BBC : RHP Francisco Valdés
Pitching: RHP Tyler Rodríguez
Batting: LHB Jesús Quintanilla 0-0: Ball
1-0: Ball
2-0: Called Strike
2-1: Ball
3-1: Base on Balls
Batting: RHB Tetsunori Kimura 0-0: Called Strike
Jesús Quintanilla is caught stealing 2nd base
0-1: Ball
1-1: Ball
2-1: Ball
3-1: Fly out, F3 (Line Drive, 3)
Batting: LHB Jorge Vargas 0-0: Called Strike
0-1: Called Strike
0-2: Ball
1-2: Ball
2-2: Ball
3-2: Base on Balls
Batting: LHB Todd Henry 0-0: Ball
1-0: Ball
2-0: Called Strike
2-1: Foul Ball, location: 2F
2-2: Ball
3-2: Ground out 4-3 (Groundball, 4)
Bottom of the 11th over - 0 run(s), 0 hit(s), 0 error(s), 1 left on base; Houston 4 - Oakland 4
TOP OF THE 12TH
Houston 1837 BBC batting - Pitching for Oakland Oaks : RHP Nate Rogers
Batting: SHB Jason Alexander 0-0: Called Strike
0-1: Ball
1-1: Swinging Strike
1-2: Strikes out looking
Batting: LHB Alberto Torres 0-0: Called Strike
0-1: Called Strike
0-2: Ball
1-2: Fly out, F4 (Line Drive, 4M)
Batting: LHB Mark McClear 0-0: Called Strike
0-1: Ball
1-1: Ball
2-1: Ground out 3-1 (Groundball, 34)
Top of the 12th over - 0 run(s), 0 hit(s), 0 error(s), 0 left on base; Houston 4 - Oakland 4
BOTTOM OF THE 12TH
Oakland Oaks batting - Pitching for Houston 1837 BBC : RHP Tyler Rodríguez
Batting: LHB Edwin Church 0-0: Ball
1-0: Called Strike
1-1: Foul Ball, location: 2F
1-2: Hit by Pitch
Batting: RHB Rafael Durango 0-0: DOUBLE (Groundball, 5L)
Edwin Church to third
Batting: LHB Mal Wadley 0-0: Ball
1-0: SINGLE (Line Drive, 89M)
Edwin Church scores
Friday, December 30th, 2016 - OOTP Baseball 17.12 Build 75